[ AOE2 MATCH · #504599876 ]
UnrankedSpanish vs Georgians
Player's team · LOSS
Rival team · WIN
[ REPLAY ANALYSIS · EXTRACTED FROM THE RECORDED GAME ]
Feudal
—
Castle
—
Imperial
—
| APM avg | 97.3 |
| APM peak | 156 |
| eAPM avg | 34.9 |
| Villagers / military | 17 / 6 |
Focus
⚔️ 40.2% · 🌾 59.8%
Militia ×6
Feudal
—
Castle
—
Imperial
—
| APM avg | 74.2 |
| APM peak | 100 |
| eAPM avg | 19.9 |
| Villagers / military | 28 / 2 |
Focus
⚔️ 28.9% · 🌾 71.1%
Militia ×2
Match map
Initial resources + every placement click. Lines = walls · curves = elevation contours. ◆ gold · ⬟ stone · ● berries · ✦ relic · ◌ wall gap
Your base
shegin's base
Smoothed initial terrain · ◌ = detected wall gap · hover for details
Inputs per minute
— iamkaito - - shegin
Build order — iamkaito
34 actions detected in the replay
| 0:01 | Queue | Villager (Male) |
| 0:02 | Build | House |
| 0:04 | Build | House |
| 0:18 | Queue | Villager (Male) |
| 0:18 | Queue | Villager (Male) |
| 0:21 | Queue | Villager (Male) |
| 1:25 | Queue | Villager (Male) |
| 1:51 | Queue | Villager (Male) |
| 2:12 | Build | Lumber Camp |
| 2:13 | Queue | Villager (Male) |
| 2:49 | Queue | Villager (Male) |
| 2:49 | Queue | Villager (Male) |
| 3:11 | Queue | Villager (Male) |
| 3:29 | Build | House |
| 3:31 | Queue | Villager (Male) |
| 4:02 | Build | House |
| 4:15 | Queue | Villager (Male) |
| 4:15 | Queue | Villager (Male) |
| 4:23 | Queue | Villager (Male) |
| 5:27 | Queue | Villager (Male) |
| 5:36 | Build | Barracks |
| 5:51 | Queue | Villager (Male) |
| 6:11 | Queue | Villager (Male) |
| 6:40 | Research | Loom |
| 7:09 | Research | Feudal Age |
| 7:12 | Build | Mining Camp |
| 7:22 | Queue | Militia |
| 7:22 | Queue | Militia |
| 7:46 | Queue | Militia |
| 7:46 | Queue | Militia |
| 7:55 | Build | Palisade Wall |
| 7:57 | Build | Palisade Wall |
| 8:14 | Queue | Militia |
| 8:14 | Queue | Militia |
Build order — shegin
38 actions detected in the replay
| 0:01 | Queue | Villager (Male) |
| 0:01 | Queue | Villager (Male) |
| 0:02 | Build | House |
| 0:16 | Queue | Villager (Male) |
| 0:17 | Queue | Villager (Male) |
| 0:17 | Queue | Villager (Male) |
| 0:37 | Build | House |
| 0:38 | Build | House |
| 1:28 | Queue | Villager (Male) |
| 1:38 | Build | House |
| 2:12 | Queue | Villager (Male) |
| 2:12 | Queue | Villager (Male) |
| 2:12 | Queue | Villager (Male) |
| 2:35 | Build | Barracks |
| 2:37 | Queue | Villager (Male) |
| 2:38 | Queue | Villager (Male) |
| 3:00 | Queue | Villager (Male) |
| 3:00 | Queue | Villager (Male) |
| 3:16 | Queue | Villager (Male) |
| 3:16 | Queue | Villager (Male) |
| 3:35 | Queue | Villager (Male) |
| 3:46 | Queue | Militia |
| 3:50 | Build | House |
| 4:11 | Queue | Villager (Male) |
| 4:11 | Queue | Villager (Male) |
| 4:13 | Queue | Militia |
| 4:39 | Queue | Villager (Male) |
| 5:18 | Queue | Villager (Male) |
| 5:19 | Queue | Villager (Male) |
| 5:19 | Queue | Villager (Male) |
| 5:47 | Queue | Villager (Male) |
| 5:47 | Queue | Villager (Male) |
| 5:50 | Build | House |
| 6:15 | Queue | Villager (Male) |
| 7:06 | Queue | Villager (Male) |
| 7:15 | Build | Mule Cart |
| 7:32 | Queue | Villager (Male) |
| 8:16 | Queue | Villager (Male) |
Match timeline
| 2:35 | shegin · first_building Barracks |
| 5:36 | iamkaito · first_building Barracks |
| 7:55 | iamkaito · wall_segment Palisade Wall x1 |
| 7:57 | iamkaito · wall_segment Palisade Wall x1 |
[ AI ANALYSIS · 1 CREDIT ]
What really happened in this match?
Wolo.gg analyzes every decision: build order, eco, micro, common mistakes by bracket. Personalized analysis on WhatsApp or Discord in 30 seconds.
Civ guide
Spanish
Perfil
iamkaito